 Dungeon Crawl Stone Soup version 0.27-a0-1105-g946c659c87 (webtiles) character file.

Game seed: 11545137558560189399

7 robertstho the Skirmisher (level 1, -2/18 HPs)
             Began as a Demonspawn Abyssal Knight on Apr 29, 2021.
             Was a Follower of Lugonu.
             Shot with a stone by a goblin (3 damage)
             ... on level 2 of the Dungeon.
             The game lasted 00:04:31 (1280 turns).

robertstho the Skirmisher (DsAK)                    Turns: 1280, Time: 00:04:32

Health: -2/18      AC:  3    Str: 12    XL:     1   Next: 91%
Magic:  2/2        EV: 11    Int: 13    God:    Lugonu [*.....]
Gold:   42         SH:  0    Dex: 12    Spells: 0/0 levels left

rFire    . . .     SeeInvis .   a - +1 hand axe
rCold    . . .     Faith    .   (no shield)
rNeg     . . .     Spirit   .   b - +0 leather armour
rPois    .         Reflect  .   (no helmet)
rElec    .         Harm     .   (no cloak)
rCorr    .         Rampage  .   (no gloves)
Will     .....                  (no boots)
Stlth    +.........             (no amulet)
HPRegen  0.06/turn              (no ring)
MPRegen  0.08/turn              (no ring)

@: no status effects
A: no striking features
a: Renounce Religion, Depart the Abyss


You were on level 2 of the Dungeon.
You worshipped Lugonu.
Lugonu was aware of your devotion.
You visited 1 branch of the dungeon, and saw 2 of its levels.
You visited the Abyss 1 time.

You collected 42 gold pieces.

Inventory:

Hand Weapons
 a - a +1 hand axe (weapon)
Armour
 b - a +0 leather armour (worn)
Jewellery
 g - a ring of ice


   Skills:
 * Level 3.2 Fighting
 + Level 1.9 Axes
 * Level 2.0 Armour
 + Level 0.8 Dodging
 * Level 2.5 Invocations


You couldn't memorise any spells.
You didn't know any spells.
Your spell library was empty.

Dungeon Overview and Level Annotations

Branches:
Dungeon (2/15)

Altars:

Shops:
D:2 :

Annotations:
D:2 Robin


Message History

It was a potion of heal wounds.
You feel much better. The goblin misses you.
The goblin hits you with a +0 club. The goblin hits you with a +0 club.
The goblin no longer looks unusually strong.
The goblin no longer looks unusually strong. x2
The goblin no longer looks unusually strong.
The goblin closely misses you.
The goblin no longer looks unusually strong.
You aren't carrying any items that you can evoke.
Unknown command.
You feel your willpower return.
Found Lusm's Book Emporium.
A goblin comes into view. It is wielding a +0 club.
The hobgoblin shouts!
The goblin shouts!
The goblin shouts!
The goblin closely misses you.
You closely miss the goblin. The goblin barely misses you.
You closely miss the goblin. You barely miss the goblin.
The goblin barely misses you. The goblin hits you but does no damage.
You barely miss the goblin. You hit the goblin.
The goblin hits you with a +0 club. x2; The goblin barely misses you.
The goblin closely misses you.
You hit the goblin.
You kill the goblin!
Lugonu accepts your kill.
You can now depart the Abyss.
You hit the goblin. The goblin hits you with a +0 club.
Okay, then.
Things that are here:
a +0 club; a goblin corpse A goblin comes into view.
It is wielding a +0 club.
The goblin unwields a +0 club.
The goblin wields a +0 hunting sling.
The goblin shoots a stone.
The stone completely misses you.
The goblin shoots a stone.
The stone hits you but does no damage.
The goblin shoots a stone.
The stone hits you but does no damage.
The goblin shoots a stone.
The stone hits you.
* * * LOW HITPOINT WARNING * * *
The goblin shoots a stone.
The stone hits you.
* * * LOW HITPOINT WARNING * * *
The goblin shoots a stone.
The stone hits you.
You die...

*,,,,,,,,,*≈≈≈≈≈**,,,,,* *,
*,,,,,,,,,,≈≈∩≈≈,+,,...* *,
*,,,,,,,,,*≈≈,≈≈**,,...* *,
*,,,,,..,,*#≈,≈***,....* *,
*,,,,.....*#..** *.....* *,
*,,,*##...##.#####...,,* *,
*,,,*∩#...#........,,,,********,
*****#+#..........#,,,,,,,,,,,,,,
,,,,,...........@.###,,,,,.......
,,,,,....g.....g....#,,,,,,......
,,,,,.........g#....#,,,*###.....
,,,,,..........#....#,,,,........
..,,,,.....#g###....#,,,,........
.,,,,,..##,#.# ######,,,,........
.,,,,,,,**,#.#*******,,,,...gg.g.
,,,,,,,,**,#g#,,,,,,,,,,,..glggg.
,,,,,,,,,,,#.#,,,,*****,,...#####


You could see 4 goblins.

Vanquished Creatures
  2 goblins
  2 hobgoblins (D:1)
  A ball python (D:1)
  2 rats (D:1)
7 creatures vanquished.

Notes
Turn   | Place    | Note
-------+----------+-------------------------------------------
     0 | Abyss:1  | robertstho the Demonspawn Abyssal Knight began the quest
                  | for the Orb.
     0 | Abyss:1  | Reached XP level 1. HP: 18/18 MP: 2/2
    52 | Abyss:1  | Noticed a starcursed mass
    53 | D:1      | Escaped the Abyss
   114 | D:1      | Found a faded altar of an unknown god.
  1181 | D:2      | Noticed Robin
  1238 | D:2      | Found Lusm's Book Emporium.
  1265 | D:2      | Reached * piety under Lugonu
  1280 | D:2      | Shot with a stone by a goblin

Illustrated notes

Levels and vault maps discovered:
D:1:      lemuel_arrival_funnel, layout_basic, ebering_ecumenical_altar_webs
D:2:      layout_basic, serial_shops, nicolae_shop_behind_doors,
          nicolae_shop_stone, nicolae_shop_waterfront,
          nicolae_shop_window_shopping, shop, uniq_robin

Skill      XL: |  1 |
---------------+----+-----
Armour         | 2 |  2.0
Fighting       | |  3.2
Axes           | |  1.9
Dodging        | |  0.8
Invocations    | |  2.5

Action                   || total
-------------------------++-------
Melee: Hand axe          ||    19
Invok: Depart the Abyss  ||     1
  Use: Scroll            ||     3
       Potion            ||     1
 Stab: Sleeping          ||     1
Armor: Leather armour    ||     6
Dodge: Dodged            ||    16

Table legend: (Time is in decaauts)
 A = Elapsed time spent in this place.
 B = Non-inter-level travel time spent in this place.
 C = Inter-level travel time spent in this place.
 D = Time resting spent in this place.
 E = Time spent auto-exploring this place.
 F = Levels seen in this place.
 G = Mean time per level.
                   A        B        C        D        E       F      G
               +--------+--------+--------+--------+--------+-----+--------+
         Total |   1283 |   1270 |     13 |      0 |   1121 |   3 |  427.7 |
       Dungeon |   1230 |   1217 |     13 |      0 |   1069 |   2 |  615.0 |
         Abyss |     53 |     53 |      0 |      0 |     52 |   1 |   53.0 |
               +--------+--------+--------+--------+--------+-----+--------+

Top non-repeatable levels by time:
     D:1: 1105 daAuts
     D:2: 125 daAuts
 Abyss:1: 53 daAuts
